 Dungeon Crawl Stone Soup version 0.29.0-4-gdea44cf6ec (webtiles) character file.

Game seed: 14890841104476526623

38 qw the Chopper (level 3, -1/21 HPs)
             Began as a Tengu Warper on Aug 28, 2022.
             Succumbed to a kobold's poison
             ... on level 2 of the Dungeon.
             The game lasted 00:00:08 (1354 turns).

qw the Chopper (Tengu Warper)                       Turns: 1354, Time: 00:00:08

Health: -1/21      AC:  8    Str: 13    XL:     3   Next: 43%
Magic:  7/7        EV:  6    Int: 13    God:
Gold:   78         SH:  0    Dex: 13    Spells: 6/6 levels left

rFire   . . .      SeeInvis .   Y - +1 hand axe
rCold   . . .      Faith    .   (no shield)
rNeg    . . .      Spirit   .   l - +0 chain mail
rPois   .          Reflect  .   (helmet restricted)
rElec   .          Harm     .   (no cloak)
rCorr   .          Rampage  .   (no gloves)
Will    .....                   (boots unavailable)
Stlth   ..........              (no amulet)
HPRegen 0.07/turn               (no ring)
MPRegen 0.10/turn               (no ring)

@: lethally poisoned (-1 -> -8)
A: beak, talons 3
a: no special abilities


You were on level 2 of the Dungeon.
You visited 1 branch of the dungeon, and saw 2 of its levels.

You collected 78 gold pieces.


Innate Abilities, Weirdness & Mutations

You have a beak for a mouth.
You have claws for feet.


   Skills:
 - Level 2.0 Fighting
 + Level 4.1 Axes
 - Level 1.0 Throwing
 - Level 1.1 Armour
 - Level 2.1 Dodging
 - Level 2.0 Spellcasting
 - Level 2.4 Translocations


You had 6 spell levels left.
You didn't know any spells.
Your spell library contained the following spells:

 Spells                   Type           Power      Damage    Failure   Level
 Blink                    Tloc           14%        N/A       99%         2
 Gell's Gravitas          Tloc           7%         N/A       100%        3
 Lesser Beckoning         Tloc           7%         N/A       100%        3
 Teleport Other           Tloc           7%         N/A       100%        3
 Manifold Assault         Tloc           7%         N/A       100%        5

Inventory:

Hand Weapons
 e - a +0 whip
 Y - a +1 hand axe (weapon)
Armour
 l - a +0 chain mail (worn)
Scrolls
 a - a scroll of brand weapon {unknown}
Potions
 d - a potion of magic {unknown}
 f - a potion of haste
 k - a potion of flight {unknown}

Dungeon Overview and Level Annotations

Branches:
Dungeon (2/15)

Altars:


Message History

You feel sick.
You feel sick.
You are no longer poisoned.
1322 ||| FLEEEEING.
1323 ||| FLEEEEING.
1324 ||| FLEEEEING.
1326 ||| FLEEEEING.
The kobold throws a poisoned dart.
The poisoned dart hits you!
You are poisoned.
1327 ||| FLEEEEING.
You feel very sick.
1328 ||| FLEEEEING.
You feel sick.
You feel sick.
You feel sick.
You feel sick.
You feel sick.
You feel sick.
You feel sick.
You are no longer poisoned.
You start resting.
A kobold is nearby!
1340 ||| FLEEEEING.
1341 ||| FLEEEEING.
1342 ||| FLEEEEING.
1344 ||| FLEEEEING.
1345 ||| FLEEEEING.
The kobold throws a poisoned dart.
The poisoned dart barely misses you.
1346 ||| FLEEEEING.
1347 ||| FLEEEEING.
1350 ||| FLEEEEING.
1351 ||| FLEEEEING.
The kobold throws a poisoned dart.
The poisoned dart hits you!
You are lethally poisoned!
1352 ||| FLEEEEING.
You feel very sick.
1353 ||| FLEEEEING.
You feel sick.
1354 ||| FLEEEEING.
You die...

.. ..................
.#############K########
.#........K..#.# ...
.#.####.####.#.# #.#
.#....#K#....#.# #.#
.####.#.#.####.####.#.#
......#.#...........#.#
.######.#############.###########
..........K.....@................
##.####.#########.###........#.#.
#........ .......######.#.##
########## #######.#......#.#
#.#......#.# #.#......#.#
#.#......#.# #.#.<......#
#....##+##.##


You could see a kobold.

Vanquished Creatures
  3 worms (D:2)
  A dart slug (D:1)
  6 ball pythons (D:1)
  2 endoplasms
  A giant cockroach (D:1)
  2 goblins (D:1)
  2 hobgoblins (D:1)
  2 jackals (D:1)
  A quokka (D:1)
  A bat (D:1)
  2 kobolds (D:1)
  3 rats (D:1)
26 creatures vanquished.

Notes
Turn   | Place    | Note
-------+----------+-------------------------------------------
     0 | D:1      | qw the Tengu Warper began the quest for the Orb.
     0 | D:1      | Reached XP level 1. HP: 12/12 MP: 4/4
     0 | D:1      | 0 ||| qw: Version: 0.1-a-89-g26bdef1
     0 | D:1      | 0 ||| qw: Game counter: 356
     0 | D:1      | 0 ||| qw: Always use a shield: true
     0 | D:1      | 0 ||| qw: God list: Okawaru
     0 | D:1      | 0 ||| qw: Allow faded altars: false
     0 | D:1      | 0 ||| qw: Do Orc after D:15 true
     0 | D:1      | 0 ||| qw: Do second Lair branch before Depths: true
     0 | D:1      | 0 ||| qw: Lair rune preference: random
     0 | D:1      | 0 ||| qw: Plans: Normal
     0 | D:1      | 0 ||| PLANNING D:1-11
   184 | D:1      | Found a faded altar of an unknown god.
   301 | D:1      | Reached skill level 3 in Axes
   301 | D:1      | Reached XP level 2. HP: 13/17 MP: 6/6
   483 | D:1      | 483 ||| Stepping ~*~*~tactically~*~*~ (stealth).
   484 | D:1      | 484 ||| Stepping ~*~*~tactically~*~*~ (stealth).
   565 | D:1      | 565 ||| Stepping ~*~*~tactically~*~*~ (stealth).
   577 | D:1      | 577 ||| Stepping ~*~*~tactically~*~*~ (stealth).
   578 | D:1      | 578 ||| Stepping ~*~*~tactically~*~*~ (stealth).
   600 | D:1      | 600 ||| Stepping ~*~*~tactically~*~*~ (stealth).
   924 | D:1      | Reached XP level 3. HP: 17/21 MP: 7/7
   975 | D:1      | 975 ||| UPGRADING to +0 ring mail.
   985 | D:1      | 985 ||| DROPPING +0 leather armour.
   986 | D:1      | 986 ||| UPGRADING to +0 chain mail.
   996 | D:1      | 996 ||| DROPPING +0 ring mail.
   997 | D:1      | 997 ||| READING scroll labelled KEXAFE ANLIO.
  1001 | D:1      | 1001 ||| READING scroll labelled WUPSIO BAEZ.
  1002 | D:1      | 1002 ||| READING scroll labelled JUL NAPSYOSS.
  1003 | D:1      | 1003 ||| DRINKING 2 fizzy orange potions.
  1004 | D:1      | 1004 ||| DROPPING scroll of blinking.
  1117 | D:2      | Reached skill level 4 in Axes
  1319 | D:2      | 1319 ||| FLEEEEING.
  1322 | D:2      | 1322 ||| FLEEEEING.
  1323 | D:2      | 1323 ||| FLEEEEING.
  1324 | D:2      | 1324 ||| FLEEEEING.
  1326 | D:2      | 1326 ||| FLEEEEING.
  1327 | D:2      | 1327 ||| FLEEEEING.
  1328 | D:2      | 1328 ||| FLEEEEING.
  1334 | D:2      | HP: 5/21 [poisoned by a kobold]
  1340 | D:2      | 1340 ||| FLEEEEING.
  1341 | D:2      | 1341 ||| FLEEEEING.
  1342 | D:2      | 1342 ||| FLEEEEING.
  1344 | D:2      | 1344 ||| FLEEEEING.
  1345 | D:2      | 1345 ||| FLEEEEING.
  1346 | D:2      | 1346 ||| FLEEEEING.
  1347 | D:2      | 1347 ||| FLEEEEING.
  1350 | D:2      | 1350 ||| FLEEEEING.
  1351 | D:2      | 1351 ||| FLEEEEING.
  1352 | D:2      | 1352 ||| FLEEEEING.
  1352 | D:2      | HP: 3/21 [poisoned by a kobold]
  1353 | D:2      | 1353 ||| FLEEEEING.
  1353 | D:2      | HP: 1/21 [poisoned by a kobold]
  1354 | D:2      | 1354 ||| FLEEEEING.
  1354 | D:2      | Succumbed to a kobold's poison

Levels and vault maps discovered:
D:1:      enne_arrival_octagon_isle, layout_loops_ring,
          ebering_ecumenical_altar_mist, hangedman_decor_peaks_small
D:2:      layout_basic, basic_altar, roderic_lattice_a, minmay_misc_feat_x,
          nicolae_wormholes

Skill      XL: |  1  2  3 |
---------------+----------+-----
Axes           | 3 4 |  4.1
Fighting       | |  2.0
Throwing       | |  1.0
Armour         | |  1.1
Dodging        | |  2.1
Spellcasting   | |  2.0
Translocations | |  2.4

Action                   || total
-------------------------++-------
Melee: Hand axe          ||    60
       Kick              ||    13
       Peck              ||     9
Throw: Boomerang         ||     7
  Use: Scroll            ||     3
       Potion            ||     1
Armor: Leather armour    ||    12
       Chain mail        ||     2
Dodge: Dodged            ||    31

Table legend:
 A = Non-vault XP
 B = Vault XP
 C = Vault XP percentage of total XP
 D = Non-vault monster count
 E = Vault monster count
 F = Vault count percentage of total count
                 A         B        C        D         E       F
            +---------+---------+-------+---------+---------+-------
      Total |      40 |      15 |  27.3 |      23 |       3 |  11.5
            +---------+---------+-------+---------+---------+-------
        D:1 |      38 |       0 |   0.0 |      22 |       0 |   0.0
        D:2 |       2 |      15 |  88.2 |       1 |       3 |  75.0
            +---------+---------+-------+---------+---------+-------
